Map: Acid Plant LE

Players

mrmirror - Winner!

  • Race: Protoss Protoss
  • League: Diamond
  • Spawn Location: 5:00

Cellsidus

  • Race: Zerg Zerg
  • League: Diamond
  • Spawn Location: 11:00

VOD

Have the link to the VOD?

Description

Time

  • Played on: Feb. 22, 2018, 4:51 p.m.
  • Length: 20:17
Show
View Real Time Build Order
Export as new Build Order

mrmirror Protoss - Winner!

Build Orders:  

Get SALT Encoding   

  12  0:00  Probe (Chrono Boost)  
  13  0:10  Probe (Chrono Boost)  
  14  0:18  Pylon  
  14  0:21  Probe  
  15  0:36  Probe  
  16  0:48  Probe  
  17  1:00  Probe (Chrono Boost)  
  18  1:07  Nexus  
  18  1:12  Probe (Chrono Boost)  
  19  1:21  Probe (Chrono Boost)  
  20  1:39  Probe  
  21  1:41  Gateway  
  21  1:51  Gateway  
  21  1:52  Probe  
  22  1:56  Assimilator  
  22  1:57  Assimilator  
  22  2:05  Probe (Chrono Boost)  
  23  2:18  Probe (Chrono Boost)  
  24  2:25  Probe  
  24  2:28  Pylon  
  24  2:34  Cybernetics Core  
  24  2:36  Pylon  
  24  2:37  Probe x2  
  24  2:38  Zealot  
  28  2:49  Probe x2  
  30  3:01  Probe  
  30  3:02  Probe  
  32  3:11  Shield Battery, Warp Gate  
  32  3:12  Adept (Chrono Boost)  
  34  3:13  Probe  
  34  3:14  Probe  
  34  3:16  Adept (Chrono Boost)  
  38  3:25  Probe  
  38  3:26  Probe  
  39  3:37  Probe  
  39  3:38  Probe  
  39  3:48  Stargate  
  39  3:50  Probe (Chrono Boost)  
  39  3:52  Adept, Probe (Chrono Boost)  
  39  3:54  Adept  
  45  4:01  Gateway  
  47  4:02  Probe (Chrono Boost)  
  47  4:05  Shield Battery  
  47  4:06  Probe (Chrono Boost)  
  47  4:08  Probe (Chrono Boost)  
  48  4:14  Assimilator x2, Probe  
  48  4:17  Probe  
  50  4:25  Adept x2  
  54  4:35  Pylon  
  54  4:36  Pylon  
  54  4:52  Pylon, Twilight Council, Phoenix (Chrono Boost)  
  54  4:53  Probe x2  
  54  5:05  Probe x2  
  54  5:16  Phoenix (Chrono Boost)  
  54  5:17  Probe x2  
  54  5:18  Adept, Nexus  
  54  5:20  Zealot x2  
  64  5:26  Pylon  
  64  5:29  Probe x2  
  64  5:30  Pylon  
  66  5:36  Phoenix  
  66  5:39  Sentry  
  66  5:40  Sentry x2  
  66  5:41  Probe x2  
  76  5:50  Gateway  
  76  5:52  Gateway  
  76  5:53  Probe x2  
  76  5:54  Robotics Facility  
  78  6:01  Phoenix  
  80  6:11  Adept x2  
  80  6:12  Adept  
  80  6:17  Probe  
  87  6:34  Probe  
  87  6:36  Oracle  
  87  6:38  Charge (Chrono Boost)  
  91  6:44  Observer  
  91  6:45  Templar Archives  
  92  6:48  Probe  
  92  6:53  Assimilator  
  93  6:58  Assimilator, Zealot x4  
  93  7:00  Probe x2  
  103  7:26  Gateway  
  103  7:28  Gateway  
  103  7:31  Gateway  
  103  7:33  Gateway  
  103  7:38  High Templar  
  103  7:39  High Templar x2  
  103  7:42  Psionic Storm  
  109  7:44  Pylon x2  
  109  7:56  Pylon  
  109  7:59  Gateway  
  109  8:00  Gateway  
  109  8:02  Probe x3  
  109  8:03  Robotics Facility  
  109  8:04  Immortal  
  116  8:06  Pylon  
  116  8:11  Pylon  
  116  8:14  Probe x2  
  116  8:19  Blink  
  118  8:20  Forge  
  118  8:21  Stalker x3, Forge  
  118  8:23  Probe  
  118  8:26  Probe  
  126  8:44  Observer (Chrono Boost)  
  126  8:46  High Templar  
  126  8:47  High Templar  
  131  8:50  Archon  
  131  8:58  Protoss Ground Armor Level 1 (Chrono Boost), Protoss Ground Weapons Level 1 (Chrono Boost)  
  131  9:02  Immortal (Chrono Boost)  
  135  9:11  Pylon  
  135  9:13  Pylon, Probe  
  135  9:14  Probe x2  
  138  9:28  Pylon  
  138  9:32  Robotics Facility  
  138  9:34  Immortal  
  138  9:35  Robotics Bay  
  138  9:38  Pylon, Probe x2  
  144  9:39  Probe  
  145  9:50  Probe  
  146  9:52  Zealot  
  146  9:53  Zealot x3  
  146  9:54  High Templar x2  
  146  9:57  Probe  
  146  9:58  Probe  
  160  10:13  Immortal (Chrono Boost)  
  164  10:14  Probe x2  
  164  10:17  Warp Prism (Chrono Boost)  
  168  10:25  Colossus (Chrono Boost), Extended Thermal Lance (Chrono Boost)  
  174  10:31  Pylon  
  174  10:32  Resonating Glaives  
  174  10:33  Pylon  
  184  10:50  Immortal (Chrono Boost), Nexus  
  184  10:51  Colossus (Chrono Boost)  
  184  10:54  Pylon  
  184  10:56  Pylon  
  184  10:59  Assimilator, Probe  
  185  11:04  Assimilator, Observer (Chrono Boost)  
  185  11:09  Pylon  
  186  11:15  Observer  
  186  11:18  Pylon  
  187  11:24  Colossus  
  193  11:31  Colossus  
  158  12:00  High Templar x4  
  166  12:02  Zealot  
  166  12:03  Zealot x3  
  166  12:04  Zealot x3  
  180  12:11  Probe x2  
  180  12:15  Colossus  
  188  12:17  Colossus  
  194  12:24  Probe  
  194  12:25  Probe x2  
  187  12:34  Shield Battery  
  187  12:36  Shield Battery  
  185  12:37  Shield Battery  
  185  12:39  Pylon  
  185  12:40  Pylon, Gateway  
  185  12:41  Probe x3  
  186  12:46  High Templar x4  
  186  12:48  Archon  
  186  12:49  Archon  
  194  12:53  Archon  
  194  13:05  Zealot x3  
  200  13:14  Protoss Ground Weapons Level 2 (Chrono Boost), Protoss Ground Armor Level 2 (Chrono Boost)  
  200  13:29  Pylon  
  200  13:32  Pylon  
  200  13:37  Gateway  
  198  13:45  Gateway  
  198  13:46  Gateway  
  198  13:47  Photon Cannon x2  
  198  13:48  Photon Cannon  
  198  13:49  Photon Cannon  
  198  13:50  Photon Cannon  
  196  13:58  Photon Cannon x2  
  196  14:00  Photon Cannon  
  186  14:20  High Templar x3  
  186  14:21  High Templar x4  
  200  14:24  Archon  
  200  14:25  Archon x2  
  200  14:40  Stargate  
  200  14:41  Fleet Beacon  
  200  14:42  Stargate  
  200  14:45  Stargate  
  174  15:31  Carrier x3 (Chrono Boost)  
  174  15:34  Graviton Catapult (Chrono Boost)  
  198  15:38  Carrier (Chrono Boost)  
  156  16:06  High Templar  
  156  16:07  High Templar x7  
  172  16:12  Zealot  
  172  16:13  Zealot x3  
  172  16:14  Archon x2  
  172  16:15  Archon x2  
  180  16:32  Protoss Ground Weapons Level 3 (Chrono Boost)  
  180  16:33  Protoss Ground Armor Level 3 (Chrono Boost)  
  180  16:38  Immortal  
  180  16:39  Immortal x2  
  192  16:51  Zealot x4  
  200  16:56  Nexus  
  200  16:59  Assimilator  
  200  17:04  Assimilator  
  200  17:07  Pylon  
  200  17:09  Pylon  
  186  17:51  High Templar x4  
  186  17:52  High Templar x3  
  186  17:56  Archon x3  
  176  18:10  Void Ray x2 (Chrono Boost)  
  176  18:11  Void Ray (Chrono Boost)  
  182  18:13  Zealot  
  182  18:14  Zealot x7  
  198  18:27  Stalker  
  182  19:10  Nexus  
  182  19:13  Assimilator  
  182  19:14  Probe x3  
  185  19:17  Assimilator  
  185  19:22  Zealot x7  
  189  19:31  Void Ray (Chrono Boost)  
  189  19:32  Void Ray x3 (Chrono Boost)  
  198  19:57  Zealot x2  
Show
View Real Time Build Order
Export as new Build Order

Cellsidus Zerg 

Build Orders: Hatch First 

Get SALT Encoding   

  12  0:00  Drone  
  13  0:12  Overlord  
  13  0:17  Drone  
  14  0:30  Drone x2  
  16  0:36  Drone  
  17  0:53  Hatchery  
  17  0:56  Drone  
  17  1:00  Drone  
  18  1:12  Extractor  
  18  1:18  Spawning Pool, Drone  
  17  1:21  Drone  
  18  1:32  Drone  
  19  1:39  Overlord  
  19  1:52  Drone  
  20  2:05  Zergling x2  
  20  2:06  Zergling x2, Queen x2  
  26  2:15  Drone  
  27  2:17  Metabolic Boost  
  27  2:21  Drone  
  27  2:22  Drone  
  29  2:40  Zergling x6  
  32  2:45  Hatchery  
  32  2:50  Drone x2  
  33  2:57  Overlord  
  33  3:00  Drone  
  34  3:15  Drone x3  
  34  3:18  Drone x2  
  34  3:19  Drone x2, Overlord  
  40  3:30  Zergling x6  
  40  3:43  Drone  
  40  3:44  Drone  
  40  3:46  Lair  
  42  3:50  Drone x2  
  42  3:51  Extractor x2, Drone  
  42  3:52  Drone  
  42  3:53  Drone  
  45  3:55  Extractor  
  45  3:59  Queen  
  45  4:02  Drone x3  
  49  4:04  Drone  
  49  4:05  Drone  
  51  4:26  Drone x6  
  51  4:29  Zergling x2  
  58  4:31  Overlord x3  
  58  4:55  Drone, Spore Crawler  
  58  4:57  Drone  
  58  4:58  Spore Crawler  
  58  4:59  Drone x2  
  58  5:00  Drone x6  
  58  5:01  Spore Crawler  
  62  5:13  Drone  
  64  5:14  Drone  
  64  5:15  Extractor  
  64  5:17  Drone x3, Extractor  
  65  5:24  Drone x2  
  67  5:30  Drone  
  67  5:32  Drone  
  69  5:36  Spire  
  69  5:42  Hydralisk Den  
  69  5:48  Drone x3  
  69  5:49  Drone x2  
  73  5:50  Overlord x4  
  73  5:55  Hatchery  
  72  5:59  Baneling Nest  
  72  6:00  Drone  
  72  6:03  Drone  
  73  6:10  Drone  
  74  6:18  Hydralisk  
  74  6:19  Hydralisk x5  
  74  6:20  Hydralisk x3  
  74  6:22  Overlord x4  
  74  6:24  Grooved Spines  
  74  6:25  Drone x2  
  94  6:29  Evolution Chamber  
  94  6:30  Evolution Chamber  
  90  6:40  Hydralisk  
  90  6:41  Hydralisk x5  
  90  6:43  Zergling x4  
  90  6:44  Zergling x10  
  90  6:46  Centrifical Hooks  
  109  6:53  Drone  
  109  6:54  Drone  
  111  6:56  Zerg Ground Armor Level 1, Zerg Missile Weapons Level 1  
  111  6:57  Drone  
  111  6:59  Drone  
  113  7:07  Drone x2  
  112  7:13  Drone  
  112  7:14  Drone  
  113  7:15  Hydralisk x2  
  113  7:16  Hydralisk x2  
  113  7:18  Zergling x14  
  128  7:28  Queen  
  131  7:30  Drone x4  
  131  7:35  Muscular Augments  
  134  7:47  Zergling x4  
  134  7:49  Overlord x2  
  134  7:50  Overlord x2  
  136  7:56  Hatchery  
  136  7:57  Drone  
  135  8:07  Queen  
  135  8:09  Zergling x16  
  135  8:10  Zergling x14  
  152  8:13  Baneling x2  
  152  8:14  Baneling x24  
  152  8:15  Baneling x5  
  152  8:28  Drone  
  152  8:29  Drone x2  
  152  8:30  Drone x5  
  152  8:33  Extractor  
  156  8:35  Drone  
  156  8:36  Drone x2, Extractor  
  157  8:43  Drone x2  
  158  8:57  Drone x3  
  158  8:58  Drone x3, Overlord  
  164  9:06  Spore Crawler  
  164  9:07  Hatchery  
  162  9:11  Zergling x8  
  162  9:12  Zergling x4  
  162  9:13  Hydralisk x2  
  162  9:15  Overlord  
  162  9:16  Overlord x4  
  172  9:22  Drone  
  172  9:23  Drone x2  
  172  9:26  Baneling  
  172  9:27  Baneling x14  
  172  9:28  Baneling x14, Zergling x2  
  172  9:29  Zergling x8  
  177  9:50  Zerg Missile Weapons Level 2, Zerg Ground Armor Level 2  
  177  9:55  Drone  
  177  9:56  Drone x5  
  177  9:57  Drone x3  
  177  9:59  Drone x2  
  188  10:01  Zergling x12  
  188  10:02  Zergling x2  
  188  10:06  Infestation Pit  
  193  10:10  Drone x2  
  194  10:23  Queen  
  194  10:25  Zergling x8  
  200  10:32  Baneling  
  200  10:33  Baneling x3  
  200  10:34  Baneling x5  
  200  10:35  Baneling x6  
  200  11:10  Spore Crawler  
  199  11:23  Hatchery  
  149  11:55  Zergling x4  
  149  11:56  Zergling x48  
  149  11:59  Hydralisk x2  
  149  12:00  Hydralisk x6  
  149  12:01  Hydralisk x4  
  191  12:04  Hive  
  191  12:06  Zerg Melee Weapons Level 1  
  200  12:17  Hatchery  
  198  12:30  Baneling  
  198  12:31  Baneling x14  
  198  12:32  Baneling x17  
  198  12:33  Baneling x15  
  198  12:53  Zergling x4  
  200  13:31  Spire  
  199  13:35  Lurker Den  
  196  14:09  Spore Crawler  
  163  14:35  Hydralisk x5  
  163  14:36  Hydralisk x8  
  163  14:37  Hydralisk x4, Zergling x2  
  163  14:38  Hydralisk, Zergling x8  
  200  14:47  Greater Spire  
  113  15:21  Hydralisk  
  113  15:22  Hydralisk x5, Zergling x6  
  113  15:23  Hydralisk x4, Zergling x6  
  113  15:24  Hydralisk x2, Corruptor x3, Zergling x6  
  113  15:25  Hydralisk x3, Corruptor x2, Zergling x6  
  113  15:26  Hydralisk x6, Corruptor x2, Zergling x4  
  113  15:27  Zergling x6  
  140  15:34  Hydralisk x3, Zergling x4  
  140  15:35  Zergling x4  
  104  16:05  Hydralisk x6, Zergling x4  
  104  16:06  Hydralisk x3, Zergling x12  
  104  16:07  Zergling x4  
  104  16:09  Brood Lord x3  
  104  16:10  Brood Lord x4  
  146  16:22  Hydralisk x6, Zergling x4  
  146  16:23  Zergling x8  
  146  16:25  Lurker  
  165  16:26  Lurker x9  
  165  16:30  Hatchery  
  173  16:42  Hatchery  
  173  16:43  Drone x4  
  173  16:44  Drone x4  
  180  16:47  Lurker x2  
  180  16:48  Hatchery, Lurker  
  180  16:49  Extractor, Zergling x2  
  180  16:50  Zergling x18  
  180  16:53  Extractor  
  190  17:04  Extractor  
  190  17:05  Hydralisk  
  190  17:06  Hydralisk x4, Extractor  
  198  17:15  Baneling  
  198  17:16  Baneling x8  
  198  17:18  Baneling  
  110  18:10  Hydralisk  
  110  18:11  Hydralisk x6, Zergling x10  
  110  18:12  Zergling x6  
  128  18:14  Hydralisk x3, Zergling x2  
  128  18:15  Zergling x8  
  128  18:16  Zergling x12  
  128  18:17  Zergling x4  
  112  19:06  Corruptor  
  112  19:07  Corruptor  
  112  19:09  Zergling x2  
  107  19:10  Zergling x28  
  107  19:11  Zergling x6  
  121  19:36  Zergling x10  
  121  19:37  Zergling x12  
Tags
 
Add a new tag
Caveats
  • Supply blocks, unpowered buildings, or Contaminate may cause inaccurate times.
  • Supply counts are checked every 10 seconds.